 Dungeon Crawl Stone Soup version 0.29.1-13-g9f3cf754e1 (webtiles) character file.

Game seed: 17943586172557203717

23 Groucho the Digger (level 2, -2/15 HPs)
             Began as a Deep Elf Earth Elementalist on Jan 22, 2023.
             Slain by a hobgoblin
             ... wielding a +1 mace of protection
              (4 damage)
             ... on level 2 of the Dungeon.
             The game lasted 00:02:17 (1208 turns).

Groucho the Digger (Deep Elf Earth Elementalist)    Turns: 1208, Time: 00:02:18

Health: -2/15      AC:  2    Str:  5    XL:     2   Next: 72%
Magic:  5/8        EV: 13    Int: 19    God:
Gold:   40         SH:  0    Dex: 15    Spells: 4/7 levels left

rFire   . . .      SeeInvis .   (no weapon)
rCold   . . .      Faith    .   (no shield)
rNeg    . . .      Spirit   .   a - +0 robe
rPois   .          Reflect  .   (no helmet)
rElec   .          Harm     .   (no cloak)
rCorr   .          Rampage  .   (no gloves)
Will    .....                   (no boots)
Stlth   ++........              (no amulet)
HPRegen 0.05/turn               (no ring)
MPRegen 0.11/turn               (no ring)

@: no status effects
A: no striking features
a: no special abilities


You were on level 2 of the Dungeon.
You visited 1 branch of the dungeon, and saw 2 of its levels.

You collected 40 gold pieces.

Inventory:

Armour
 a - a +0 robe (worn)
Scrolls
 c - a scroll of blinking {unknown}
 e - a scroll of magic mapping {unknown}
 f - 3 scrolls of teleportation {unknown}
 g - a scroll of vulnerability {unknown}
Potions
 b - 3 potions of magic
 d - 2 potions of lignification {unknown}
 h - 2 potions of berserk rage {unknown}
 i - a potion of brilliance {unknown}
 j - 2 potions of attraction {unknown}


   Skills:
 + Level 2.8 Dodging
 + Level 2.9 Stealth
 + Level 3.3 Spellcasting
 + Level 1.6 Transmutations
 + Level 3.5 Earth Magic


You had 4 spell levels left.
You knew the following spells:

 Your Spells              Type           Power      Damage    Failure   Level
a - Sandblast             Erth           32%        2d9       3%          1
b - Passwall              Tmut/Erth      10%        N/A       8%          2

Your spell library contained the following spells:

 Spells                   Type           Power      Damage    Failure   Level
 Stone Arrow              Conj/Erth      18%        3d8       22%         3
 Summon Guardian Golem    Hex/Summ       3%         N/A       41%         3
 Petrify                  Tmut/Erth      13%        N/A       45%         4
 Orb of Destruction       Conj           1%         9d5       100%        7
 Spellforged Servitor     Conj/Summ      1%         N/A       100%        7


Dungeon Overview and Level Annotations

Branches:
Dungeon (2/15)

Altars:

Annotations:
D:2 Robin


Message History

j - 2 ruby potions (gained 1)
You see here a +0 club.
A hobgoblin comes into view. It is wielding a +1 mace of protection.
A hobgoblin is nearby!
A hobgoblin is nearby!
A hobgoblin is nearby!
Unknown command.
The hobgoblin shouts!
You hear a shout!
The hobgoblin drinks a potion.
The hobgoblin seems to speed up.
A hobgoblin comes into view.
Casting: Sandblast (safe; 3% risk of failure)
Confirm with . or Enter, or press ? or * to list all spells.
Aiming: Sandblast (safe; 3% risk of failure)
Press: ? - help, Shift-Dir - straight line, f - hobgoblin
Aim: a hobgoblin, wielding a +1 mace of protection (fast, 82% to hit)
The blast of sand hits the hobgoblin but does no damage.
The hobgoblin shouts!
Casting: Sandblast (safe; 3% risk of failure)
Confirm with . or Enter, or press ? or * to list all spells.
Aiming: Sandblast (safe; 3% risk of failure)
Press: ? - help, Shift-Dir - straight line, f/p - hobgoblin
Aim: a hobgoblin, wielding a +1 mace of protection (fast, 82% to hit)
The blast of sand hits the hobgoblin but does no damage.
The hobgoblin completely misses you.
The hobgoblin hits you with a +1 mace of protection.
A hobgoblin comes into view.
Unknown command.
Casting: Sandblast (safe; 3% risk of failure)
Confirm with . or Enter, or press ? or * to list all spells.
Aiming: Sandblast (safe; 3% risk of failure)
Press: ? - help, Shift-Dir - straight line, f/p - hobgoblin
Aim: a hobgoblin, wielding a +1 mace of protection (fast, 82% to hit)
The blast of sand misses the hobgoblin.
The blast of sand hits the hobgoblin.
The hobgoblin is severely wounded.
The hobgoblin shouts!
The hobgoblin hits you with a +1 mace of protection!
Ouch! That really hurt!
* * * LOW HITPOINT WARNING * * *
The hobgoblin hits you with a +1 mace of protection.
You die...

#... #....##
###..# #..# #.##
#.######...
###..)......>
#.†..####.#..
...#+#.........#
...8.8.@.........
.......g.......#.
.###.#.g...###.#
#.#....... # #
##'###### .g. #
... # ...


You could see 3 hobgoblins.

Vanquished Creatures
  A dart slug (D:1)
  A ball python (D:2)
  A bat (D:1)
  An endoplasm (D:2)
  3 giant cockroaches (D:1)
  4 hobgoblins
  A quokka (D:2)
  3 goblins (D:1)
  A kobold (D:1)
  A rat (D:2)
17 creatures vanquished.

Notes
Turn   | Place    | Note
-------+----------+-------------------------------------------
     0 | D:1      | Groucho the Deep Elf Earth Elementalist began the quest for
                  | the Orb.
     0 | D:1      | Reached XP level 1. HP: 10/10 MP: 6/6
   139 | D:1      | Reached XP level 2. HP: 15/15 MP: 5/8
   232 | D:1      | Learned a level 2 spell: Passwall
   775 | D:2      | Noticed Robin
  1208 | D:2      | Slain by a hobgoblin

Illustrated notes

Levels and vault maps discovered:
D:1:      ebering_hopf_link, layout_loops_ring
D:2:      layout_loops_cross, basic_altar,
          dreamdust_ecumenical_altar_angels_and_demons, kennysheep_path_1,
          item_on_display_a, uniq_robin

Action                   || total
-------------------------++-------
Melee: Unarmed           ||     4
 Cast: Sandblast         ||    26
Armor: Robe              ||     3
Dodge: Dodged            ||     9
